Description

One of my favorite commanders to play and he has a very high skill cap. Raynor is the only commander that can out mine a map and get more income than max saturation, use this to your advantage. Make at least 3 orbital command centers. You should have a Orbital for every 5 mins of the total mission time. IE a 20 min mission should have 4 OC. Make sure if you are going for bio that you get the upgrades as they wont hit as hard without them. Pre-splits are great too so try to get to know a map so you can prepare.

VOD

https://youtu.be/km_bS74hZdA

Replay - Best Builder Order Raynor Easy Expo

Build Order

Get SALT Encoding   

  12  0:03  SCV  
  13  0:20  SCV  
  13  0:25  Supply Depot  
  14  0:37  SCV  
  15  0:53  SCV  
  16  1:20  Command Center  
  16  1:26  SCV  
  17  1:39  Barracks  
  17  1:45  SCV  
  18  2:02  SCV  
  19  2:19  Orbital Command  
  19  2:44  Command Center  
  19  2:55  SCV  
  20  3:03  Orbital Command  
  20  3:12  SCV  
  20  3:16  Refinery  
  21  3:22  Refinery  
  21  3:29  SCV  
  23  3:53  Command Center  
  24  4:14  Barracks Tech Lab  
  27  4:36  Orbital Command  
  27  4:49  Engineering Bay x2  
  30  5:01  Barracks  
  33  5:22  Barracks  
  34  5:30  Terran Infantry Armor Level 1, Terran Infantry Weapons Level 1  
  34  5:34  Orbital Command  
  35  5:48  Barracks Reactor  
  37  5:56  Barracks Tech Lab, Barracks x2  
  37  6:00  Marine  
  41  6:16  Combat Shields  
  41  6:29  Refinery x2  
  43  6:33  Barracks Reactor  
  43  6:38  Barracks Reactor  
  45  6:40  Factory, Barracks Tech Lab  
  45  6:45  Marine x2  
  51  7:07  Stabilizer Medpacks  
  53  7:13  Marine x3  
  53  7:19  Marine x2  
  61  7:31  Marine x2  
  67  7:54  Armory, Supply Depot x3  
  69  8:01  Supply Depot  
  69  8:08  Medic x3  
  84  8:26  Medic x3  
  94  8:38  Medic  
  109  9:06  Terran Infantry Weapons Level 2  
  109  9:14  Terran Infantry Armor Level 2  
  102  9:34  Medic x2  
Spawning Tool Build Advisor. Get it on Overwolf

Go to:

Details

  • Created by: hunter      
  • Published on: Jul 01, 2018
  • Modified on: Jul 18, 2018
  • Patch: 4.0.0
  • Difficulty: Easy
Show
View Real Time Build Order
Export as new Build Order

Comments (0)

There are no comments. Be the first!

Create an account to comment!